 Dungeon Crawl Stone Soup version 0.31-a0-5-g84e6b3452c (webtiles) character file.

Game seed: 17755658254706875871

471 Dadi the Trooper (level 7, 0/47 HPs)
             Began as a Gargoyle Monk on May 5, 2023.
             Was a Priest of Okawaru.
             Slain by Duvessa
             ... wielding a +0 rapier of flaming
              (1 damage)
             ... on level 4 of the Dungeon.
             The game lasted 00:07:03 (2882 turns).

Dadi the Trooper (Gargoyle Monk)                    Turns: 2882, Time: 00:07:04

Health: 0/47       AC: 13    Str: 16    XL:     7   Next: 9%
Magic:  7/7        EV: 16    Int: 11    God:    Okawaru [***...]
Gold:   271        SH:  0    Dex: 12    Spells: 6/6 levels left

rFire   + . .        B - +0 flail
rCold   . . .        d - orb {light}
rNeg    + . .        h - +0 ring mail
rPois   ∞            (no helmet)
rElec   +            (no cloak)
rCorr   .            j - +0 pair of gloves
SInv    .            i - +2 pair of boots
Will    .....        (no amulet)
Stlth   +            y - +5 ring of evasion
HPRegen 0.27/turn    l - ring of protection from fire
MPRegen 0.10/turn

%: no passive effects
@: glowing
A: sickness immunity, AC +4, negative energy resistance 1, electricity
resistance, torment resistance 1, petrification resistance
a: Renounce Religion, Heroism


You were on level 4 of the Dungeon.
You worshipped Okawaru.
Okawaru was most pleased with you.
You visited 1 branch of the dungeon, and saw 5 of its levels.

You collected 271 gold pieces.

Inventory:

Hand Weapons
 a - a +0 mace
 B - a +0 flail (weapon)
Armour
 b - a +0 robe
 d - an orb of light (worn)
 h - a +0 ring mail (worn)
 i - a +2 pair of boots (worn)
 j - a +0 pair of gloves (worn)
 D - +0 swamp dragon scales
Jewellery
 k - a ring of willpower
 l - a ring of protection from fire (right hand)
 y - a +5 ring of evasion (left hand)
Scrolls
 e - a scroll of magic mapping {unknown}
 n - 3 scrolls of fog {unknown}
 o - a scroll of blinking {unknown}
 p - 8 scrolls of identify {unknown}
 r - 3 scrolls of teleportation {unknown}
 s - 3 scrolls of noise {unknown}
 t - a scroll of poison {unknown}
 v - a scroll of torment {unknown}
 x - a scroll of fear {unknown}
 A - a scroll of vulnerability {unknown}
 C - a scroll of enchant weapon {unknown}
Potions
 c - a potion of ambrosia
 f - 2 potions of heal wounds
 g - 2 potions of attraction {unknown}
 m - 3 potions of flight {unknown}
 q - a potion of mutation {unknown}
 u - 2 potions of lignification {unknown}
 w - a potion of haste {unknown}
 z - a potion of might {unknown}


   Skills:
 + Level 6.4 Fighting
 + Level 5.9 Maces & Flails
 - Level 2.4 Dodging


You had 6 spell levels left.
You didn't know any spells.
Your spell library contained the following spells:

 Spells                   Type           Power      Damage    Failure   Level
 Freeze                   Ice            0%         1d3       56%         1
 Magic Dart               Conj           0%         1d3       56%         1
 Poisonous Vapours        Pois/Air       0%         N/A       71%         2
 Frozen Ramparts          Ice            0%         1d1       90%         3
 Hailstorm                Conj/Ice       0%         3d3       90%         3
 Mephitic Cloud           Conj/Pois/Air  0%         N/A       90%         3
 Ozocubu's Armour         Ice            0%         N/A       90%         3
 Freezing Cloud           Conj/Ice/Air   0%         6-21      100%        5
 Metabolic Englaciation   Hex/Ice        0%         N/A       100%        5
 Call Imp                 Summ           Unusable   N/A       N/A         2
 Simulacrum               Ice/Necr       Unusable   N/A       N/A         6

Dungeon Overview and Level Annotations

Branches:
Dungeon (5/15)             Temple (0/1) D:4

Altars:
Nemelex Xobeh
Okawaru
Vehumet

Annotations:
D:4 1 runed translucent door, Crazy Yiuf, Duvessa, Pikel
D:5 Grinder


Innate Abilities, Weirdness & Mutations

You are immune to sickness and miasma.
Your stone body is resilient. (AC +4)
You are immune to poison.
You resist negative energy. (rN+)
You are resistant to electric shocks. (rElec)
You are resistant to unholy torment.
You are immune to petrification.


Message History

Duvessa, Sister of Dowan comes into view.
She is wielding a +0 rapier of flaming.
Duvessa goes berserk!
The lemure shouts!
A jackal comes into view.
You hear a bark! x2
You hear a bark!
You hear a bark!
Duvessa rages.
You hear a bark!
You hear a bark!
There is an escape hatch in the floor here.
Duvessa rages.
You hear a bark!
Duvessa misses you.
You hear a shout!
Duvessa attacks as you move away!
Duvessa hits you with a +0 rapier of flaming.
Duvessa burns you. Duvessa attacks as you move away!
Duvessa completely misses you. Duvessa misses you.
Duvessa attacks as you move away! Duvessa misses you.
Duvessa rages.
Duvessa hits you with a +0 rapier of flaming!
Duvessa burns you.
Duvessa hits you with a +0 rapier of flaming!
Duvessa burns you.
Things that are here:
a +0 dagger; a +0 ring mail; an orc corpse You sock Duvessa!
Duvessa is lightly wounded.
Duvessa hits you with a +0 rapier of flaming!
* * * LOW HITPOINT WARNING * * *
Duvessa burns you.
* * * LOW HITPOINT WARNING * * *
Duvessa hits you with a +0 rapier of flaming.
* * * LOW HITPOINT WARNING * * *
Duvessa hits you with a +0 rapier of flaming!
* * * LOW HITPOINT WARNING * * *
Duvessa burns you.
You die...

#K#....)).#.#
#.#.#######.# #5#.#
##.# #.#.# #..# #5#.#
#5## ###.#.# #.#
#...#.# #)#
#.###.######e###
#.###.5...##.@<#
########
#..K..###.####.######
#....... #####.#
#...........#
#.###### #.#
#.####.####.# #(# #
#.# #.# #.# #.###.# #
##.# #.# #.####...#.#
# #..# #K#
#....).....# # #..#
#.####..#####.### #
#..# #.............#
#


You could see Duvessa (berserk) and a lemure.

Vanquished Creatures
  Sigmund (D:4)
  A black bear (D:3)
  2 lemures (D:4)
  Dowan (D:4)
  A jelly (D:4)
  2 iguanas
  A gnoll (D:3)
  4 adders
  3 worms (D:3)
  An orc (D:4)
  4 bats
  4 endoplasms
  2 giant cockroaches
  6 goblins
  5 hobgoblins
  5 quokkas
  2 ball pythons
  2 frilled lizards
  6 kobolds
  2 rats (D:1)
55 creatures vanquished.

Vanquished Creatures (others)
  7 plants (D:4)
7 creatures vanquished.

Grand Total: 62 creatures vanquished

Notes
Turn   | Place    | Note
-------+----------+-------------------------------------------
     0 | D:1      | Dadi the Gargoyle Monk began the quest for the Orb.
     0 | D:1      | Reached XP level 1. HP: 14/14 MP: 1/1
   388 | D:1      | Reached XP level 2. HP: 16/19 MP: 2/2
   865 | D:2      | Found an iron altar of Okawaru.
   882 | D:2      | Became a worshipper of Warmaster Okawaru
   882 | D:2      | Reached * piety under Okawaru
   882 | D:2      | Reached ** piety under Okawaru
  1000 | D:2      | Reached skill level 4 in Fighting
  1000 | D:2      | Reached XP level 3. HP: 20/24 MP: 3/3
  1360 | D:3      | Found a radiant altar of Vehumet.
  1370 | D:3      | Found a sparkling altar of Nemelex Xobeh.
  1435 | D:3      | Reached XP level 4. HP: 29/30 MP: 4/4
  1451 | D:3      | Noticed a black bear
  1784 | D:4      | Noticed Pikel
  1784 | D:4      | Noticed a lemure
  1784 | D:4      | Noticed a lemure
  1923 | D:3      | Reached skill level 5 in Fighting
  1923 | D:3      | Reached XP level 5. HP: 29/35 MP: 5/5
  2100 | D:3      | Killed a black bear
  2101 | D:3      | Reached skill level 5 in Maces & Flails
  2101 | D:3      | Reached XP level 6. HP: 36/40 MP: 6/6
  2135 | D:3      | Found a faded altar of an unknown god.
  2355 | D:4      | Noticed Sigmund
  2424 | D:5      | Entered Level 5 of the Dungeon
  2478 | D:5      | Noticed Grinder
  2533 | D:4      | Killed Sigmund
  2534 | D:4      | Reached skill level 6 in Fighting
  2635 | D:4      | Found a runed translucent door.
  2636 | D:4      | Noticed Crazy Yiuf
  2732 | D:4      | Reached *** piety under Okawaru
  2740 | D:4      | Found a staircase to the Ecumenical Temple.
  2745 | D:4      | Noticed Dowan
  2782 | D:4      | Killed Dowan
  2783 | D:4      | Reached XP level 7. HP: 27/47 MP: 7/7
  2865 | D:4      | Noticed Duvessa
  2882 | D:4      | HP: 1/47 [Duvessa/+0 rapier of flaming (7)]
  2882 | D:4      | Slain by Duvessa

Illustrated notes

Levels and vault maps discovered:
D:1:      nzn_arrival_settlement, layout_basic
D:2:      layout_rooms, basic_altar
D:3:      layout_rooms, mainiacjoe_overflow_big_doors,
          hellmonk_ecumenical_altar_lost_god, amethyst_killhole,
          minmay_quadrilaterals
D:4:      layout_loops_ring, lemuel_crystal_altar,
          minmay_temple_entry_overgrown, uniq_duvessa, uniq_pikel,
          uniq_crazy_yiuf_cottage, uniq_sigmund
D:5:      layout_basic, kennysheep_mini_moat, serial_shops, shop, uniq_grinder

Skill      XL: |  1  2  3  4  5  6 |
---------------+-------------------+-----
Fighting       | 4 5 6 |  6.4
Maces & Flails | 4 5 |  5.9
Dodging        | |  2.4

Action                     |  1- 3 |  4- 6 |  7- 9 || total
---------------------------+-------+-------+-------++-------
  Melee: Mace              |    91 |    51 |       ||   142
         Flail             |       |    67 |     3 ||    70
 Invoke: Heroism           |       |     1 |       ||     1
 Armour: Ring mail         |    34 |    39 |     1 ||    74
         Robe              |     1 |       |       ||     1
  Dodge: Dodged            |    54 |   100 |     5 ||   159

Table legend: (Time is in decaauts)
 A = Elapsed time spent in this place.
 B = Non-inter-level travel time spent in this place.
 C = Inter-level travel time spent in this place.
 D = Time resting spent in this place.
 E = Time spent auto-exploring this place.
 F = Levels seen in this place.
 G = Mean time per level.
                   A        B        C        D        E       F      G
               +--------+--------+--------+--------+--------+-----+--------+
         Total |   2919 |   2780 |    139 |    173 |   1847 |   5 |  583.8 |
       Dungeon |   2919 |   2780 |    139 |    173 |   1847 |   5 |  583.8 |
               +--------+--------+--------+--------+--------+-----+--------+

Top non-repeatable levels by time:
     D:3: 827 daAuts
     D:1: 771 daAuts
     D:4: 740 daAuts
     D:2: 513 daAuts
     D:5: 67 daAuts
